 Dungeon Crawl Stone Soup version 0.18.1-48-g4cf74bf (webtiles) character file.

63 Pierrem the Chiller (level 3, -4/24 HPs)
             Began as a Mummy Ice Elementalist on Aug 8, 2016.
             Slain by an orc
             ... wielding a cursed -3 falchion
              (6 damage)
             ... on level 3 of the Dungeon.
             The game lasted 00:17:41 (2193 turns).

Pierrem the Chiller (Mummy Ice Elementalist)        Turns: 2193, Time: 00:17:42

Health: -4/24      AC:  2    Str: 11    XL:     3   Next: 89%
Magic:  6/7        EV: 12    Int: 15    God:
Gold:   103        SH:  0    Dex: 12    Spells: 2 memorised, 5 levels left

rFire  x . .     SeeInvis .     s - +0 hunting sling
rCold  + . .     Gourm    .     a - +0 robe
rNeg   + + +     Faith    .     (no shield)
rPois  ∞         Spirit   .     y - +0 hat
rElec  .         Dismiss  .     (no cloak)
rCorr  .         Reflect  .     (no gloves)
SustAt .         Harm     .     (no boots)
MR     .....                    u - amulet of magic regeneration
Stlth  ++........               (no ring)
                                (no ring)

@: about to teleport, not resistant to hostile enchantments, unstealthy
A: no food or potions, fire vulnerability, cold resistance 1, negative energy
resistance 3, torment resistance, unbreathing
a: no special abilities


You were on level 3 of the Dungeon.
You were not hungry.

You visited 1 branch of the dungeon, and saw 4 of its levels.

You collected 103 gold pieces.

Inventory:

Hand Weapons
 e - a +0 spear
 h - a +0 dagger
 m - a cursed +0 whip
 s - a +0 hunting sling (weapon)
Missiles
 n - 23 poisoned needles
 t - 26 sling bullets
 w - 20 arrows (quivered)
Armour
 a - a +0 robe (worn)
 f - a +0 robe
 x - a +0 ring mail
 y - a +0 hat (worn)
Jewellery
 u - an amulet of magic regeneration (around neck)
Scrolls
 g - a scroll of noise {unknown}
 i - 3 scrolls of remove curse
 v - a scroll of identify
Potions
 c - a potion of brilliance {unknown}
 k - a potion of heal wounds {unknown}
 o - a potion of berserk rage {unknown}
 q - a potion of mutation {unknown}
 z - a potion of curing {unknown}
Books
 b - a book of Frost

   Spells                             Type                      Level
   a - Freeze                         Ice                          1
   b - Throw Frost                    Conjuration/Ice              2
   c - Ozocubu's Armour               Charms/Ice                   3
   d - Throw Icicle                   Conjuration/Ice              4
   e - Summon Ice Beast               Ice/Summoning                4
Comestibles
 d - 3 fruits
 j - a slice of pizza
 l - a beef jerky {zaeae}
 r - a bread ration
 A - a meat ration


   Skills:
 + Level 0.2 Fighting
 + Level 0.1 Slings
 + Level 0.2 Armour
 + Level 1.8 Dodging
 + Level 1.8 Stealth
 + Level 3.0 Spellcasting
 + Level 0.7 Conjurations
 + Level 3.0 Ice Magic


You had 5 spell levels left.
You knew the following spells:

 Your Spells              Type           Power        Failure   Level  Hunger
a - Freeze                Ice            ##..         8%          1    N/A
b - Throw Frost           Conj/Ice       #.....       14%         2    N/A

Dungeon Overview and Level Annotations

Branches:
Dungeon (4/15)
 Temple: D:4-7

Altars:


Innate Abilities, Weirdness & Mutations

You do not eat or drink.
Your flesh is vulnerable to fire.
You are immune to poison.
Your flesh is cold resistant.
You are immune to negative energy.
You are immune to unholy pain and torment.
You can survive without breathing.


Message History

The orc closely misses you.
Casting: Freeze
Confirm with . or Enter, or press ? or * to list all spells.
Aiming: Freeze
Press: ? - help, Shift-Dir - straight line, f/p - orc
Aim: an orc (almost dead)
You freeze the orc.
You kill the orc!
Your Spellcasting skill increases to level 3!
The orc hits you from afar with a trident.
* * * LOW HITPOINT WARNING * * *
The orc closely misses you.
As you read the scroll labeled LEYGRA BIAGOB, it crumbles to dust.
It is a scroll of identify.
Identify which item? (\ to view known items) (? for menu, Esc to quit)
i - 3 scrolls of remove curse
As you read the scroll labeled ESIUSTRYLLO, it crumbles to dust.
You feel strangely unstable.
It was a scroll of teleportation.
The orc hits you with an enchanted falchion.
You die...

###############
.......@oo....#
#############.#
#.# #### ###
#o# #...##.. #
#.##.# #....
#.#(#.# ##..#
#.#>.# ##(#
#....# #..
###..## ##..


You could see 2 orcs.

Vanquished Creatures
  2 adders (D:3)
  2 dart slugs
  2 giant geckos
  3 orcs
  4 giant cockroaches
  4 goblins
  4 hobgoblins
  2 kobolds (D:1)
  5 bats
  2 giant newts
  8 rats
38 creatures vanquished.

Notes
Turn   | Place    | Note
--------------------------------------------------------------
     0 | D:1      | Pierrem the Mummy Ice Elementalist began the quest for the Orb.
     0 | D:1      | Reached XP level 1. HP: 13/13 MP: 3/3
   412 | D:1      | Reached XP level 2. HP: 19/19 MP: 1/5
  1239 | D:2      | Reached XP level 3. HP: 17/24 MP: 2/7
  1252 | D:2      | Learned a level 2 spell: Throw Frost
  2193 | D:3      | Slain by an orc

Skill      XL: |  1  2  3 |
---------------+----------+-----
Ice Magic      | 3 |  3.0
Spellcasting   | 3 |  3.0
Fighting       | |  0.2
Slings         | |  0.1
Armour         | |  0.2
Dodging        | |  1.8
Stealth        | |  1.8
Conjurations   | |  0.7

Action                   || total
-------------------------++-------
Melee: Spear             ||     9
       Hunting sling     ||     2
 Fire: Hunting sling     ||     7
 Cast: Freeze            ||    64
       Throw Frost       ||     1
  Use: Scroll            ||     2
Armor: Robe              ||    16
       Ring mail         ||    15
Dodge: Dodged            ||   103
